 Dungeon Crawl Stone Soup version 0.31-a0-1469-gd420192249 (webtiles) character file.

Game seed: 18350512705306312257

21 grandjackal the Chopper (level 2, -1/23 HPs)
             Began as a Demonspawn Gladiator on Dec 28, 2023.
             Slain by a gnoll
             ... wielding a +2 flail of protection
              (2 damage)
             ... on level 2 of the Dungeon.
             The game lasted 00:00:48 (1016 turns).

grandjackal the Chopper (Demonspawn Gladiator)      Turns: 1016, Time: 00:00:49

Health: -1/23      AC:  6    Str: 14    XL:     2   Next: 62%
Magic:  2/2        EV: 11    Int:  8    God:
Gold:   83         SH:  0    Dex: 14    Spells: 1/1 levels left

rFire   . . .        a - +0 war axe
rCold   . . .        (no shield)
rNeg    . . .        h - +0 ring mail
rPois   .            c - +0 helmet
rElec   .            (no cloak)
rCorr   .            (no gloves)
SInv    .            (no boots)
Will    .....        (no amulet)
Stlth   +            (no ring)
HPRegen 0.23/turn    (no ring)
MPRegen 0.08/turn

%: no passive effects
@: no status effects
A: hooves 1
a: no special abilities


You were on level 2 of the Dungeon.
You visited 1 branch of the dungeon, and saw 2 of its levels.

You collected 83 gold pieces.

Inventory:

Hand Weapons
 a - a +0 war axe (weapon)
Missiles
 d - 3 throwing nets (quivered)
 e - a javelin
Armour
 c - a +0 helmet (worn)
 h - a +0 ring mail (worn)
Scrolls
 b - a scroll of immolation {unknown}
 f - a scroll of brand weapon {unknown}
 i - a scroll of blinking {unknown}
 j - a scroll of poison {unknown}
Potions
 g - a potion of brilliance {unknown}


   Skills:
 + Level 2.4 Fighting
 + Level 3.0 Axes
 - Level 2.0 Throwing
 + Level 2.9 Dodging


You had one spell level left.
You didn't know any spells.
Your spell library was empty.

Dungeon Overview and Level Annotations

Branches:
Dungeon (2/15)

Altars:
Kikubaaqudgha


Innate Abilities, Weirdness & Mutations

You have large cloven feet.


Message History

Things that are here:
a +0 dagger; a kobold corpse You see here an adder corpse.
There is a stone staircase leading up here.
You climb upwards.
There is a stone staircase leading down here.
There is a large open door here.
There is a large open door here.
There is a fountain of clear blue water here.
There is a fountain of clear blue water here.
There is an open door here.
There is a stone staircase leading down here.
You climb downwards.
The gnoll shouts!
The kobold hits you with a +0 club.
There is a stone staircase leading up here.
You barely miss the gnoll. You kick the gnoll, but do no damage.
You closely miss the kobold. You hit the gnoll. The gnoll closely misses you.
The gnoll hits you but does no damage. The kobold barely misses you.
You closely miss the gnoll.
The gnoll is lightly wounded.
You closely miss the gnoll. You hit the kobold.
The gnoll hits you with a +2 flail of protection!
The gnoll hits you with a +0 flail.
* * * LOW HITPOINT WARNING * * *
The kobold closely misses you.
You closely miss the gnoll.
The gnoll is lightly wounded.
You hit the gnoll but do no damage. You hit the kobold.
You kill the kobold!
The gnoll closely misses you.
The gnoll hits you with a +2 flail of protection.
* * * LOW HITPOINT WARNING * * *
The gnoll closely misses you. The gnoll hits you with a +0 flail.
* * * LOW HITPOINT WARNING * * *
A gnoll comes into view. It is wielding a +1 heavy flail.
The gnoll shouts!
The gnoll misses you.
The gnoll hits you with a +2 flail of protection.
You die...

##### .....#####
.........##
..........#########
........#<......#
#..)g.#.#######
#..@gg#.# #####.#.#
#.# #.# #.# #.# #.#
#.# #.#


You could see 3 gnolls.

Vanquished Creatures
  An adder (D:2)
  A goblin (D:2)
  A hobgoblin (D:1)
  A quokka (D:1)
  A ball python (D:2)
  3 bats (D:1)
  5 kobolds
  2 rats (D:1)
15 creatures vanquished.

Notes
Turn   | Place    | Note
-------+----------+-------------------------------------------
     0 | D:1      | grandjackal the Demonspawn Gladiator began the quest for
                  | the Orb.
     0 | D:1      | Reached XP level 1. HP: 16/16 MP: 1/1
   569 | D:1      | Discovered your monstrous ancestry.
   569 | D:1      | Gained mutation: You have large cloven feet. [demonic
                  | ancestry]
   569 | D:1      | Reached XP level 2. HP: 21/22 MP: 2/2
   682 | D:2      | Found an ancient bone altar of Kikubaaqudgha.
   787 | D:2      | Reached skill level 3 in Axes
  1015 | D:2      | HP: 1/23 [gnoll/+0 flail (3)]
  1016 | D:2      | Slain by a gnoll

Illustrated notes

Levels and vault maps discovered:
D:1:      grunt_arrival_crossed_arrows, layout_loops_ring,
          minmay_stone_trees_small, feat_on_display
D:2:      layout_basic, basic_altar, shapermc_ecumenical_altar_flowoftime

Skill      XL: |  1  2 |
---------------+-------+-----
Throwing       | 2 |  2.0
Axes           | 3 |  3.0
Fighting       | |  2.4
Dodging        | |  2.9

Action                     || total
---------------------------++-------
  Melee: War axe           ||    41
         Kick              ||     2
 Armour: Ring mail         ||    31
         Leather armour    ||    11
  Dodge: Dodged            ||    29

Table legend: (Time is in decaauts)
 A = Elapsed time spent in this place.
 B = Non-inter-level travel time spent in this place.
 C = Inter-level travel time spent in this place.
 D = Time resting spent in this place.
 E = Time spent auto-exploring this place.
 F = Levels seen in this place.
 G = Mean time per level.
                   A        B        C        D        E       F      G
               +--------+--------+--------+--------+--------+-----+--------+
         Total |   1030 |    895 |    135 |     59 |    701 |   2 |  515.0 |
       Dungeon |   1030 |    895 |    135 |     59 |    701 |   2 |  515.0 |
               +--------+--------+--------+--------+--------+-----+--------+

Top non-repeatable levels by time:
     D:1: 705 daAuts
     D:2: 324 daAuts
